AoeStats
← hitman_aoe

Arabian Desert

510373697Analyzed
1v1 RM · 17h ago on Sep 30, 2026· 27m 27s· 2 players
Game mode
Random Map
Map size
Tiny (2 player)
Population
200
Speed
Normal
Resources
Standard
Victory
Conquest
Starting age
Dark Age
Ending age
Imperial Age
RankedLock teamsTeams togetherTeam positionsShared explorationLock speedFull tech treeHidden civsTurbo modeCheats
Victory
Defeat
🇺🇸 Franks · United States
1671
+13
🇨🇴 Celts · Colombia
1603
-13
hitman_aoe
6:46 Loom
12:27 Feudal Age
12:35 Man-at-Arms
18:29 Fletching
19:09 Padded Archer Armor
19:12 Double-Bit Axe
24:39 Castle Age
23:19 Scale Barding Armor
24:07 Forging
24:10 Gold Mining
25:40 Bow Saw
AoE2 ANGEL
7:03 Loom
9:08 Feudal Age
10:20 Man-at-Arms
11:32 Arson
13:38 Town Watch
15:14 Fletching
16:51 Double-Bit Axe
23:51 Castle Age
22:36 Gold Mining
24:08 Padded Archer Armor
24:28 Crossbowman
25:05 Bodkin Arrow
Connection lost

Rejoining the realm…

Still unreachable

The connection could not be restored.

Session expired

The server has moved on; the page needs a fresh start.